AoeStats
← fares_x86

Arabia

509691583Analyzed
3v3 RM · 5d ago on Sep 27, 2026· 34m 31s· 6 players
Game mode
Random Map
Map size
Normal (6 player)
Population
200
Speed
Normal
Resources
Standard
Victory
Conquest
Starting age
Dark Age
Ending age
Imperial Age
RankedLock teamsTeams togetherTeam positionsShared explorationLock speedFull tech treeHidden civsTurbo modeCheats
Victory
Defeat
🇷🇴 Persians · Romania
932
+16
🇷🇴 Saxons · Romania
911
+17
🇷🇴 Franks · Romania
895
+18
🇹🇷 Burgundians · Türkiye
943
-17
🇨🇳 Huns · China
929
-17
🇨🇳 Spanish · China
922
-17
InaKa
4:47 Loom
10:43 Feudal Age
11:12 Double-Bit Axe
12:58 Wheelbarrow
12:23 Town Watch
18:03 Fletching
25:06 Castle Age
23:39 Forging
24:18 Horse Collar
25:00 Scale Mail Armor
29:52 Squires
30:13 Chain Mail Armor
GeorMagnificu'
6:46 Loom
10:15 Feudal Age
12:27 Double-Bit Axe
18:23 Castle Age
20:08 Forging
28:22 Scale Barding Armor
28:20 Husbandry
eSacaluTati
10:46 Feudal Age
11:44 Double-Bit Axe
21:11 Castle Age
19:31 Stone Mining
21:05 Scale Barding Armor
22:32 Husbandry
28:31 Wheelbarrow
27:42 Horse Collar
28:45 Forging
34:30 Kamandaran
37:24 Imperial Age
35:14 Hand Cart
开心练一下
10:10 Feudal Age
12:36 Double-Bit Axe
18:12 Castle Age
16:49 Horse Collar
17:01 Gold Mining
17:04 Stone Mining
17:08 Gold Mining
19:37 Heavy Plow
20:35 Stone Shaft Mining
26:28 Wheelbarrow
26:19 Pikeman
27:40 Gambesons
fares_x86
0:41 Loom
10:06 Feudal Age
11:18 Double-Bit Axe
19:23 Fletching
23:11 Castle Age
24:43 Horse Collar
31:12 Bodkin Arrow
33:10 Scale Mail Armor
33:18 Scale Barding Armor
zenghui
10:45 Feudal Age
9:13 Loom
15:26 Castle Age
13:57 Double-Bit Axe
14:37 Horse Collar
17:21 Bow Saw
19:42 Bloodlines
21:20 Husbandry
21:52 Heavy Plow
22:23 Scale Barding Armor
23:46 Chain Barding Armor
24:13 Forging
25:32 Wheelbarrow
26:33 Iron Casting
26:28 Gold Mining
27:31 Hand Cart
29:17 Gold Shaft Mining
31:11 Stone Mining
35:47 Imperial Age
Connection lost

Rejoining the realm…

Still unreachable

The connection could not be restored.

Session expired

The server has moved on; the page needs a fresh start.